AoeStats
← John Hawkwood

Arabia

508020566Analyzed
1v1 RM · 12d ago on Sep 20, 2026· 45m 18s· 2 players
Game mode
Random Map
Map size
Tiny (2 player)
Population
200
Speed
Normal
Resources
Standard
Victory
Conquest
Starting age
Dark Age
Ending age
Imperial Age
RankedLock teamsTeams togetherTeam positionsShared explorationLock speedFull tech treeHidden civsTurbo modeCheats
Victory
Defeat
🇰🇿 Turks · Kazakhstan
1062
+15
🇺🇸 Mongols · United States
1030
-15
John Hawkwood
9:33 Feudal Age
10:11 Loom
10:21 Double-Bit Axe
14:57 Horse Collar
20:26 Castle Age
19:51 Bloodlines
20:20 Fletching
20:48 Gold Mining
21:48 Bow Saw
22:36 Padded Archer Armor
24:29 Bodkin Arrow
25:54 Scale Barding Armor
29:07 Pikeman
30:35 Scale Mail Armor
33:22 Wheelbarrow
33:56 Squires
34:40 Hand Cart
37:59 Imperial Age
36:39 Leather Archer Armor
37:19 Heavy Plow
37:52 Forging
38:01 Crossbowman
38:55 Bracer
40:30 Elite Skirmisher
41:25 Thumb Ring
42:03 Arbalester
43:43 Chain Mail Armor
44:04 Iron Casting
andreycsh
6:46 Loom
9:32 Feudal Age
10:17 Double-Bit Axe
16:02 Horse Collar
17:49 Gold Mining
21:27 Castle Age
19:37 Town Watch
20:33 Bloodlines
21:27 Wheelbarrow
22:26 Husbandry
24:55 Scale Barding Armor
29:39 Chain Barding Armor
30:39 Forging
30:36 Stone Mining
32:23 Iron Casting
36:47 Imperial Age
34:09 Treadmill Crane
35:20 Bow Saw
37:32 Gold Shaft Mining
37:44 Heavy Plow
38:18 Heavy Camel Rider
40:01 Conscription
42:10 Plate Barding Armor
42:37 Blast Furnace
41:37 Padded Archer Armor
42:05 Fletching
43:32 Artillery
43:59 Ballistics
43:52 Masonry
45:51 Leather Archer Armor
Connection lost

Rejoining the realm…

Still unreachable

The connection could not be restored.

Session expired

The server has moved on; the page needs a fresh start.